 Dungeon Crawl Stone Soup version 0.28-a0-834-g1a73be5ee4 (webtiles) character file.

Game seed: 9356395826730869150

385 cheechan the Bolt Thrower (level 6, -4/42 HPs)
             Began as an Octopode Hunter on Nov 11, 2021.
             Was a Follower of Okawaru.
             Slain by a wraith (10 damage)
             ... in an ossuary.
             The game lasted 00:15:43 (3705 turns).

cheechan the Bolt Thrower (Octopode Hunter)         Turns: 3705, Time: 00:15:44

Health: -4/42      AC:  1    Str: 11    XL:     6   Next: 77%
Magic:  6/6        EV: 14    Int: 13    God:    Okawaru [*.....]
Gold:   151        SH:  0    Dex: 15    Spells: 3/5 levels left

rFire   . . .      SeeInvis .   a - +1 hand crossbow
rCold   . . .      Faith    .   (no shield)
rNeg    . . .      Spirit   .   (helmet restricted)
rPois   .          Reflect  .   e - amulet of regeneration
rElec   .          Harm     .   k - ring of willpower
rCorr   .          Rampage  .   (no ring)
Will    +....                   (no ring)
Stlth   +++.......              (no ring)
HPRegen 1.14/turn               (no ring)
MPRegen 0.10/turn               (no ring)
                                (no ring)
                                (no ring)

@: slowed, very slow
A: almost no armour, amphibious, 8 rings, camouflage 1, gelatinous body 1,
(nimble swimmer 1), tentacles, tentacle spike 1
a: Renounce Religion, Heroism


You were in an ossuary.
You worshipped Okawaru.
Okawaru was aware of your devotion.
You visited 1 branch of the dungeon, and saw 4 of its levels.
You also visited: Ossuary.

You collected 151 gold pieces.

Inventory:

Hand Weapons
 a - a +1 hand crossbow (weapon)
 f - a +1 spear of freezing
Missiles
 b - 49 arrows
 c - 4 bolts (quivered ammo)
 i - 5 curare-tipped darts
Jewellery
 e - an amulet of regeneration (around mantle)
 k - a ring of willpower (left tentacle)
Scrolls
 h - a scroll of teleportation
 j - 2 scrolls of identify
 l - a scroll of immolation {unknown}
Potions
 d - 2 potions of invisibility {unknown}
 g - a potion of flight {unknown}
 m - a potion of heal wounds {unknown}


   Skills:
 + Level 3.1 Fighting
 + Level 6.9 Crossbows
 + Level 2.9 Dodging
 + Level 2.7 Stealth


You had 3 spell levels left.
You knew the following spells:

 Your Spells              Type           Power      Damage    Failure   Level
a - Blink                 Tloc           0%         N/A       43%         2

Your spell library contained the following spells:

 Spells                   Type           Power      Damage    Failure   Level
 Pain                     Necr           0%         1d4       30%         1
 Lesser Beckoning         Tloc           0%         N/A       67%         3
 Vampiric Draining        Necr           0%         2d6       67%         3
 Manifold Assault         Tloc           0%         N/A       100%        5
 Animate Skeleton         Necr           Unusable   N/A       N/A         1

Dungeon Overview and Level Annotations

Branches:
Dungeon (4/15)            Ossuary (1/1)
 Temple: D:4-7

Altars:
Dithmenos
Fedhas
Okawaru
Yredelemnul


Innate Abilities, Weirdness & Mutations

You cannot wear most types of armour.
You are amphibious.
You can wear up to eight rings at the same time.
Your skin changes colour to match your surroundings (Stealth+).
Your rubbery body absorbs attacks. (AC +1, EV +1)
((You are camouflaged near water. (Stealth+)))
You have tentacles for arms and can constrict up to eight enemies at once.
One of your tentacles bears a spike.


Message History

The bolt hits the wraith but does no damage.
The wraith is severely damaged.
The wraith hits you. The wraith drains your vigour!
You feel as though you will be slow longer.
Fire: 7 bolts
Press: ? - help, Shift-Dir - straight line, f/p - wraith
Aim: a wraith (severely damaged, 67% to hit)
You shoot a bolt. The bolt hits the wraith.
The wraith is severely damaged.
The wraith hits you! The wraith misses you.
Unknown command.
Fire: 6 bolts
Press: ? - help, Shift-Dir - straight line, f/p - wraith
Aim: a wraith (severely damaged, 67% to hit)
You shoot a bolt. The bolt hits the wraith.
The wraith is almost destroyed.
The wraith hits you. The wraith barely misses you.
Unknown command.
You barely miss the wraith.
You pierce the wraith, but do no damage.
You squeeze the wraith, but do no damage.
The wraith is almost destroyed.
The wraith hits you! The wraith drains your vigour!
You feel as though you will be slow longer.
The wraith hits you.
* * * LOW HITPOINT WARNING * * *
Okay, then.
Okay, then.
Fire: 5 bolts
Press: ? - help, Shift-Dir - straight line, f/p - wraith
Aim: a wraith (almost destroyed, 67% to hit)
You shoot a bolt.
The bolt hits the wraith but does no damage.
The wraith is almost destroyed.
The wraith hits you!
* * * LOW HITPOINT WARNING * * *
The wraith drains your vigour!
You feel as though you will be slow longer.
The wraith hits you!
You die...

###############
#............@#
#.)##.###.##W.#
#.#.#.#z#.#(#.#
#.###.###.###.#
#.............#
#.............#
#.###.?!?.###.#
#.#z#./??.#z#.#
#.###.?!!


You could see a wraith.

Vanquished Creatures
  A human (D:3)
  3 wights (Ossuary)
  A howler monkey (D:4)
  An ufetubus (D:4)
  2 adder zombies (Ossuary)
  A worm (D:2)
  3 dart slugs
  4 orcs (D:3)
  4 endoplasms
  4 giant cockroaches
  4 goblins
  2 hobgoblins (D:3)
  5 jackals
  6 kobolds
  2 quokkas
  7 ball pythons
  3 bats
  3 frilled lizards
  A hobgoblin zombie (Ossuary)
  A jackal zombie (D:3)
  2 kobold zombies (Ossuary)
  An orc skeleton (Ossuary)
  3 orc zombies (Ossuary)
  10 rats
74 creatures vanquished.

Notes
Turn   | Place    | Note
-------+----------+-------------------------------------------
     0 | D:1      | cheechan the Octopode Hunter began the quest for the Orb.
     0 | D:1      | Reached XP level 1. HP: 14/14 MP: 1/1
   270 | D:1      | Reached XP level 2. HP: 17/19 MP: 2/2
   277 | D:1      | Found a faded altar of an unknown god.
   771 | D:1      | Gained mutation: One of your tentacles bears a spike.
                  | [potion of mutation]
  1049 | D:2      | Found an iron altar of Okawaru.
  1062 | D:2      | Became a worshipper of Warmaster Okawaru
  1084 | D:2      | Reached XP level 3. HP: 24/24 MP: 3/3
  2018 | D:3      | Learned a level 2 spell: Blink
  2082 | D:3      | Found a runed translucent door.
  2082 | D:3      | Noticed a human
  2090 | D:3      | Found a basalt altar of Yredelemnul.
  2251 | D:3      | Reached skill level 5 in Crossbows
  2302 | D:3      | Found a blossoming altar of Fedhas.
  2838 | D:3      | Reached XP level 4. HP: 29/29 MP: 4/4
  2963 | D:3      | Killed a human
  2964 | D:3      | Reached skill level 6 in Crossbows
  2964 | D:3      | Reached XP level 5. HP: 22/35 MP: 5/5
  3135 | D:3      | Found a shadowy altar of Dithmenos.
  3265 | D:4      | Reached XP level 6. HP: 41/41 MP: 6/6
  3465 | D:4      | Found a sand-covered staircase.
  3470 | Ossuary  | Entered an ossuary
  3625 | Ossuary  | Noticed a wraith
  3625 | Ossuary  | Noticed a flying skull
  3660 | Ossuary  | Noticed a flying skull
  3676 | Ossuary  | Reached * piety under Okawaru
  3682 | Ossuary  | Noticed a flying skull
  3688 | Ossuary  | Noticed a flying skull
  3694 | Ossuary  | Noticed a wraith
  3705 | Ossuary  | Slain by a wraith

Illustrated notes

Levels and vault maps discovered:
D:1:      minmay_arrival_five_plusses, layout_loops_corners,
          chequers_ecumenical_altar_island
D:2:      layout_basic, basic_altar, hangedman_abyss_or_decor_stabs,
          chequers_serial_rivers_small_3, kennysheep_generic_room_6
D:3:      kennysheep_six_static_rooms, layout_loops_ring, lemuel_round_altar,
          mainiacjoe_overflow_concentric_impassable, dk_yredelemnul_ordeal
D:4:      layout_layer_cave, minmay_temple_entry_statues_pillars,
          enter_ossuary_5, uniq_pikel
Ossuary:  ossuary_due_cavern

Skill      XL: |  1  2  3  4  5  6 |
---------------+-------------------+-----
Crossbows      | 5 6 |  6.9
Stealth        | 2 |  2.7
Fighting       | 3 |  3.1
Dodging        | |  2.9

Action                   |  1- 3 |  4- 6 || total
-------------------------+-------+-------++-------
Melee: Hand crossbow     |    30 |    17 ||    47
       Constrict         |     8 |     9 ||    17
       Tentacles         |     5 |     5 ||    10
       Kick              |     8 |    13 ||    21
 Fire: Hand crossbow     |    73 |    75 ||   148
  Use: Scroll            |     2 |     1 ||     3
       Potion            |     1 |       ||     1
 Stab: Sleeping          |       |     1 ||     1
Armor: Skin              |     7 |     6 ||    13
Dodge: Dodged            |    38 |    43 ||    81

Table legend: (Time is in decaauts)
 A = Elapsed time spent in this place.
 B = Non-inter-level travel time spent in this place.
 C = Inter-level travel time spent in this place.
 D = Time resting spent in this place.
 E = Time spent auto-exploring this place.
 F = Levels seen in this place.
 G = Mean time per level.
                   A        B        C        D        E       F      G
               +--------+--------+--------+--------+--------+-----+--------+
         Total |   3762 |   3762 |      0 |    113 |      0 |   5 |  752.4 |
       Dungeon |   3511 |   3511 |      0 |    100 |      0 |   4 |  877.8 |
       Ossuary |    251 |    251 |      0 |     13 |      0 |   1 |  251.0 |
               +--------+--------+--------+--------+--------+-----+--------+

Top non-repeatable levels by time:
     D:3: 1278 daAuts
     D:1: 1043 daAuts
     D:2: 971 daAuts
 Ossuary: 251 daAuts
     D:4: 217 daAuts
